[Event "Titled Tuesday Blitz August 1 Late 2023"]
[White "Gasparyan, David"]
[Black "Ganiev, Roman"]
[WhiteFideId "13311980"]
[BlackFideId "4131452"]
[WhiteElo "2515"]
[BlackElo "2603"]
[Result "1-0"]
[Round "8"]
[TimeControl "180+1"]
[Date "2023.08.01"]
[WhiteClock "0:01:27"]
[BlackClock "0:00:03"]
[Board "37"]

1. e4 c5 2. Nc3 d6 3. f4 g6 4. Nf3 Bg7 5. d4 cxd4 6. Nxd4 Bd7 7. Be3 Nc6 8. Nb3 Nf6 9. Be2 Rc8 10. O-O O-O 11. Bf3 a6 12. Kh1 h5 13. Qd2 Ng4 14. Bg1 Na5 15. Nxa5 Qxa5 16. h3 Nf6 17. Rad1 Qb4 18. e5 Nh7 19. Nd5 Qxd2 20. Nxe7+ Kh8 21. Rxd2 Rce8 22. exd6 Bxb2 23. Bxb7 a5 24. Bc6 Nf6 25. Bc5 Bxc6 26. Nxc6 Ne4 27. d7 Nxd2 28. Bxf8 Rxf8 29. Rd1 Bc3 30. d8=Q Rxd8 31. Nxd8 Kg7 32. Nc6 Ne4 33. Rd7 h4 34. Ne5 Ng3+ 35. Kg1 Bb4 36. Rxf7+ Kh6 37. Ng4+ Kh5 38. Rh7# 1-0


[Site "https://www.chess.com"]

[Event "Titled Tuesday Blitz August 1 Late 2023"]
[White "ExchangeAB"]
[Black "vishwa_vijeta"]
[WhiteElo "2500"]
[BlackElo "2576"]
[Result "0-1"]
[Round "8"]
[TimeControl "180+1"]
[Date "2023.08.01"]
[WhiteClock "0:00:02"]
[BlackClock "0:00:40"]
[Board "38"]

1. d4 Nf6 2. Nc3 d5 3. Bf4 e6 4. e3 Bd6 5. Bd3 O-O 6. Nf3 c5 7. dxc5 Bxf4 8. exf4 Nc6 9. O-O Nd7 10. a3 Nxc5 11. Bxh7+ Kxh7 12. Ng5+ Kg6 13. Qg4 e5 14. Ne6+ Kf6 15. Nxd5+ Qxd5 16. Qg5+ Kxe6 17. f5+ Kd7 18. Rad1 Nd4 19. c3 b6 20. cxd4 exd4 21. Qxg7 Bb7 22. Rxd4 Rg8 23. Rxd5+ Bxd5 24. Qxg8 Rxg8 25. f3 Kd6 26. Kf2 Nd3+ 27. Ke3 Nxb2 28. g4 Nc4+ 29. Kf4 Nd2 30. Rf2 Nxf3 31. h4 Nxh4 32. g5 Ng2+ 33. Kg4 Ne3+ 34. Kf4 Nc4 35. Rh2 Nxa3 36. Rh6+ Kc5 37. Ke5 Nc4+ 38. Kf6 a5 39. g6 fxg6 40. fxg6 a4 41. g7 a3 0-1


[Site "https://www.chess.com"]

[Event "Titled Tuesday Blitz August 1 Late 2023"]
[White "Hajiyev, Kanan"]
[Black "Nikologorsky, Matfei"]
[WhiteFideId "13404148"]
[BlackFideId "24102474"]
[WhiteElo "2548"]
[BlackElo "2385"]
[Result "0-1"]
[Round "8"]
[TimeControl "180+1"]
[Date "2023.08.01"]
[WhiteClock "0:00:00"]
[BlackClock "0:00:09"]
[Board "39"]

1. d4 Nf6 2. Nf3 e6 3. c4 b6 4. g3 Bb7 5. Bg2 Be7 6. O-O O-O 7. Nc3 d6 8. d5 exd5 9. Nh4 Na6 10. Nf5 Re8 11. cxd5 Bf8 12. Bg5 h6 13. Be3 Qd7 14. Qb1 Re5 15. Bh3 Qd8 16. Bd4 Re8 17. e4 g6 18. Ne3 Bg7 19. Rd1 Nc5 20. Bg2 a5 21. b3 Qe7 22. f3 Ba6 23. a3 a4 24. Nxa4 Nxa4 25. bxa4 Nd7 26. Bxg7 Kxg7 27. Qb2+ Qe5 28. Qc2 Nc5 29. f4 Qe7 30. e5 Bb7 31. a5 bxa5 32. Nc4 Kh7 33. Rac1 a4 34. h4 Ba6 35. Kh2 Nb3 36. Rb1 Rab8 37. e6 fxe6 38. h5 Qf6 39. dxe6 Kg7 40. hxg6 Rxe6 41. Re1 Rbe8 42. Rxe6 Rxe6 43. Bd5 Re7 44. f5 Nd4 45. Qg2 Nxf5 46. Rb8 Kxg6 0-1


[Site "https://www.chess.com"]

[Event "Titled Tuesday Blitz August 1 Late 2023"]
[White "Reprintsev, Alexander"]
[Black "Alex_Sahakyan2006"]
[WhiteFideId "14100541"]
[WhiteElo "2450"]
[BlackElo "2709"]
[Result "1-0"]
[Round "8"]
[TimeControl "180+1"]
[Date "2023.08.01"]
[WhiteClock "0:00:29"]
[BlackClock "0:00:00"]
[Board "40"]

1. e4 Nf6 2. e5 Ng8 3. Nf3 d6 4. exd6 cxd6 5. d4 g6 6. c4 Bg7 7. Nc3 Nc6 8. Be3 Bg4 9. Be2 Nh6 10. h3 Bxf3 11. Bxf3 Nf5 12. Bxc6+ bxc6 13. O-O O-O 14. Ne2 Rb8 15. b3 e5 16. dxe5 Nxe3 17. fxe3 Bxe5 18. Nd4 Qg5 19. Qd2 Rbe8 20. Nf3 Qg3 21. Nxe5 Qxe5 22. Rad1 Re6 23. Qd4 Qg5 24. Qf4 Qc5 25. Qd4 Rxe3 26. Qxc5 dxc5 27. Rd7 a6 28. Rc7 Re6 29. Rd1 Re2 30. a4 Re3 31. Rxc6 Rxb3 32. Rxc5 Rb4 33. a5 Re8 34. Rd2 Re1+ 35. Kh2 Rc1 36. Rc6 Rbxc4 37. Rxa6 Ra1 38. Ra7 Rc5 39. Rf2 Rf5 40. Rxf5 gxf5 41. Kg3 Ra4 42. Ra6 Kg7 43. Kf3 h5 44. Kg3 h4+ 45. Kf3 f6 46. Ra8 Kf7 47. Ra7+ Kg6 48. Ra8 f4 49. Kg4 f5+ 50. Kxh4 Ra2 51. a6 Kf6 52. Kh5 Ra4 53. h4 Ra2 54. Kh6 Kf7 55. h5 Kf6 56. Kh7 Kf7 57. h6 Rxg2 58. a7 1-0


[Site "https://www.chess.com"]

[Event "Titled Tuesday Blitz August 1 Late 2023"]
[White "Krishna C R G"]
[Black "Sreyas Payyappat"]
[WhiteFideId "5018625"]
[BlackFideId "46674969"]
[WhiteElo "2704"]
[BlackElo "2517"]
[Result "0-1"]
[Round "8"]
[TimeControl "180+1"]
[Date "2023.08.01"]
[WhiteClock "0:00:00"]
[BlackClock "0:00:32"]
[Board "41"]

1. d4 Nf6 2. Nf3 c5 3. d5 e6 4. Nc3 exd5 5. Nxd5 Nxd5 6. Qxd5 d6 7. e4 Nc6 8. c3 Be6 9. Qd1 Be7 10. Bb5 O-O 11. O-O Qc7 12. Bf4 Rad8 13. Re1 a6 14. Be2 Qb6 15. Qc2 Bf6 16. Ng5 Rfe8 17. Nxe6 fxe6 18. Rad1 d5 19. exd5 exd5 20. Bg4 d4 21. Bf5 h6 22. Be6+ Kh8 23. Bf7 Rxe1+ 24. Rxe1 dxc3 25. bxc3 Qa5 26. Re3 Bxc3 27. h4 Bf6 28. Bxh6 gxh6 29. Qg6 Bg7 30. Rg3 Qe1+ 31. Kh2 Qe5 32. Bc4 Ne7 33. Qf7 Nf5 0-1


[Site "https://www.chess.com"]

[Event "Titled Tuesday Blitz August 1 Late 2023"]
[White "Schnaider, Ilan"]
[Black "Kovalevsky, Stanislav"]
[WhiteFideId "169013"]
[BlackFideId "13508598"]
[WhiteElo "2685"]
[BlackElo "2515"]
[Result "1-0"]
[Round "8"]
[TimeControl "180+1"]
[Date "2023.08.01"]
[WhiteClock "0:02:15"]
[BlackClock "0:00:32"]
[Board "42"]

1. e4 c6 2. Nc3 d5 3. Nf3 dxe4 4. Nxe4 Nf6 5. Qe2 Nxe4 6. Qxe4 Qd5 7. Qh4 Qf5 8. Bc4 Be6 9. O-O Bxc4 10. Qxc4 Nd7 11. d4 e6 12. c3 Bd6 13. Re1 O-O 14. Qb3 b6 15. Bg5 h6 16. Bh4 c5 17. Bg3 Bxg3 18. hxg3 Rfd8 19. Rad1 cxd4 20. Nxd4 Qf6 21. Nc6 Nc5 22. Qc2 Rxd1 23. Rxd1 a5 24. b4 axb4 25. cxb4 Na4 26. Rd3 Nb2 27. Rf3 Qg6 28. Ne7+ 1-0


[Site "https://www.chess.com"]

[Event "Titled Tuesday Blitz August 1 Late 2023"]
[White "feuervogel1000000"]
[Black "Papasimakopoulos, Alexandros"]
[BlackFideId "4244125"]
[WhiteElo "2513"]
[BlackElo "2682"]
[Result "0-1"]
[Round "8"]
[TimeControl "180+1"]
[Date "2023.08.01"]
[WhiteClock "0:01:24"]
[BlackClock "0:01:01"]
[Board "43"]

1. e4 e6 2. d4 d5 3. Nc3 Bb4 4. e5 c5 5. a3 Bxc3+ 6. bxc3 Nc6 7. Qg4 g6 8. h4 h6 9. h5 g5 10. f4 f5 11. Qg3 g4 12. Ne2 c4 13. Be3 Qa5 14. Kd2 Bd7 15. Qh4 Nce7 16. Qe1 Nc8 17. Qb1 Rb8 18. Qb4 Qa6 19. a4 Nge7 20. g3 Nc6 21. Qb2 Nb6 22. a5 Nc8 23. Qa3 b6 24. axb6 Qxa3 25. Rxa3 Rxb6 26. Bg2 Kd8 27. Rha1 Kc7 28. Kd1 Be8 29. Bc1 Bxh5 30. Ra4 Be8 31. Ba3 h5 32. Kd2 h4 33. gxh4 Rxh4 34. Bc5 Rh2 35. Bxb6+ Nxb6 36. Rxa7+ Nxa7 37. Rxa7+ Kc6 38. Bf1 Bd7 39. Ke3 Rh1 40. Kf2 Rh2+ 41. Bg2 Rh8 42. Ng3 Ra8 43. Rxa8 Nxa8 44. Nh5 Nb6 45. Ke2 Be8 46. Nf6 Bf7 47. Nh7 Kb5 48. Kd2 Ka4 49. Nf6 Ka3 50. Bf1 Kb2 51. Be2 Na4 52. Nd7 Nxc3 53. Nc5 Ne4+ 54. Nxe4 fxe4 55. Bxg4 c3+ 56. Kd1 e3 57. Ke2 Kxc2 58. Kxe3 Kb2 59. Bd1 Bg6 60. Kf2 c2 61. Bxc2 Kxc2 62. Kg3 Kd3 63. Kg4 Kxd4 64. Kg5 Bf5 65. Kf6 Ke4 0-1


[Site "https://www.chess.com"]

[Event "Titled Tuesday Blitz August 1 Late 2023"]
[White "FromTexas54"]
[Black "Korchmar, Vasiliy"]
[BlackFideId "24131750"]
[WhiteElo "2511"]
[BlackElo "2672"]
[Result "0-1"]
[Round "8"]
[TimeControl "180+1"]
[Date "2023.08.01"]
[WhiteClock "0:00:33"]
[BlackClock "0:02:34"]
[Board "44"]

1. Nf3 d5 2. g3 g6 3. Bg2 Bg7 4. O-O e5 5. d3 Ne7 6. c4 c6 7. Nc3 O-O 8. Bg5 f6 9. Bd2 Be6 10. b3 h6 11. Rc1 f5 12. e4 fxe4 13. dxe4 d4 14. Na4 Nd7 15. Ne1 g5 16. h3 Ng6 17. Nd3 b6 18. b4 Qe7 19. Qh5 Kh7 20. Kh2 g4 21. hxg4 Nf6 22. Qh3 Bxg4 0-1


[Site "https://www.chess.com"]

[Event "Titled Tuesday Blitz August 1 Late 2023"]
[White "Goltsev, Dmitry"]
[Black "Michalczak, Thomas"]
[WhiteFideId "24176710"]
[BlackFideId "4622634"]
[WhiteElo "2650"]
[BlackElo "2510"]
[Result "0-1"]
[Round "8"]
[TimeControl "180+1"]
[Date "2023.08.01"]
[WhiteClock "0:01:26"]
[BlackClock "0:01:31"]
[Board "45"]

1. e4 e5 2. Nf3 Nc6 3. Bb5 a6 4. Ba4 Nf6 5. O-O Be7 6. Re1 b5 7. Bb3 O-O 8. c3 d5 9. d4 Nxe4 10. dxe5 Be6 11. Be3 Nc5 12. Bc2 Qd7 13. Nbd2 Rad8 14. Qb1 h6 15. Nf1 Bg4 16. Ng3 Bxf3 17. gxf3 Qh3 18. Bf5 Qh4 19. f4 Ne6 20. Bxe6 fxe6 21. Qg6 Qh3 22. f5 exf5 23. Qxc6 f4 24. Qe6+ Qxe6 0-1


[Site "https://www.chess.com"]

[Event "Titled Tuesday Blitz August 1 Late 2023"]
[White "Koutlas, Nikolaos"]
[Black "Przybylski, Wojciech"]
[WhiteFideId "25827138"]
[BlackFideId "1117599"]
[WhiteElo "2510"]
[BlackElo "2637"]
[Result "0-1"]
[Round "8"]
[TimeControl "180+1"]
[Date "2023.08.01"]
[WhiteClock "0:00:00"]
[BlackClock "0:00:42"]
[Board "46"]

1. a4 e5 2. a5 d5 3. e3 Nf6 4. d4 e4 5. a6 Nxa6 6. Bxa6 bxa6 7. c4 c6 8. Nc3 Be7 9. Nge2 O-O 10. cxd5 cxd5 11. O-O Bd6 12. Nf4 Bb7 13. b3 Rc8 14. Nce2 Qc7 15. Ba3 Bxa3 16. Rxa3 h6 17. Ra2 g5 18. Nh3 Ng4 19. Nef4 f5 20. f3 Nxe3 21. Qe1 gxf4 22. Rff2 Qc1 23. Ra1 Qxe1+ 24. Rxe1 Nc2 25. Rd1 e3 26. Re2 a5 27. Nxf4 Ba6 28. Rxc2 Rxc2 29. Nxd5 f4 30. Re1 Rf7 31. g3 e2 32. Nxf4 Rxf4 33. gxf4 Rd2 34. Kf2 Rxd4 35. Rg1+ Kf7 36. Rc1 Rd1 37. Rc7+ Kf8 38. Rc8+ Ke7 39. Rc7+ Kd8 0-1


[Site "https://www.chess.com"]

[Event "Titled Tuesday Blitz August 1 Late 2023"]
[White "Jimenez Jimenez, Leandro"]
[Black "Tologon tegin, Semetei"]
[WhiteFideId "6415253"]
[BlackFideId "13800574"]
[WhiteElo "2509"]
[BlackElo "2599"]
[Result "0-1"]
[Round "8"]
[TimeControl "180+1"]
[Date "2023.08.01"]
[WhiteClock "0:00:00"]
[BlackClock "0:00:49"]
[Board "47"]

1. d4 Nf6 2. c4 g6 3. Nc3 d5 4. Bg5 Ne4 5. Bh4 Nxc3 6. bxc3 c6 7. e3 Bg7 8. Nf3 O-O 9. Be2 Nd7 10. O-O Nf6 11. Qb3 b6 12. Qa3 Be6 13. Ne5 Qc7 14. cxd5 cxd5 15. Rfc1 Qb7 16. Ba6 Qc7 17. c4 dxc4 18. Nxc4 Bxc4 19. Rxc4 Qd7 20. Rac1 Nd5 21. Rc6 Bf6 22. Bg3 Rad8 23. e4 Bg5 24. exd5 Bxc1 25. Rxc1 Qxd5 26. Qxe7 Qxa2 27. Be5 Rde8 28. Qf6 Rxe5 29. dxe5 Qxa6 30. e6 Qb7 31. e7 Re8 32. Re1 Qd7 33. h4 h5 34. f3 b5 35. Qe5 b4 36. Qc5 b3 37. Qb4 b2 38. Qxb2 Rxe7 39. Rxe7 Qxe7 40. Qb8+ Kg7 41. Qg3 Qe3+ 42. Kh2 a5 43. Qd6 a4 44. Qa6 a3 45. Kh3 Qe6+ 0-1


[Site "https://www.chess.com"]

[Event "Titled Tuesday Blitz August 1 Late 2023"]
[White "Jovic, Stanoje"]
[Black "Manukyan, Sargis V."]
[WhiteFideId "905020"]
[BlackFideId "13303465"]
[WhiteElo "2506"]
[BlackElo "2594"]
[Result "0-1"]
[Round "8"]
[TimeControl "180+1"]
[Date "2023.08.01"]
[WhiteClock "0:00:00"]
[BlackClock "0:00:01"]
[Board "48"]

1. c4 Nf6 2. g3 c5 3. Bg2 g6 4. Nc3 Bg7 5. Nf3 O-O 6. O-O Nc6 7. d4 cxd4 8. Nxd4 Ng4 9. e3 d6 10. b3 Nxd4 11. exd4 Nh6 12. Bb2 Nf5 13. Nd5 Rb8 14. Re1 Be6 15. Nf4 Bd7 16. g4 Nh4 17. Bh1 Bc6 18. d5 Bxb2 19. dxc6 Bxa1 20. Qxa1 bxc6 21. h3 e5 22. Ne2 Rc8 23. Qc3 f5 24. Qg3 f4 25. Qd3 f3 26. Nc3 Kg7 27. Rd1 Qa5 28. Ne4 d5 29. Ng5 Rf6 30. Qe3 e4 31. Qd4 Re8 32. Nxh7 Qd8 33. Nxf6 Qxf6 34. Qxa7+ Re7 35. Qe3 Qe5 36. a4 Rd7 37. Qd4 Kf6 38. a5 Qxd4 39. Rxd4 Ke5 40. Rd1 d4 41. b4 e3 42. Ra1 e2 43. Kh2 Kf4 44. a6 d3 45. b5 cxb5 46. cxb5 d2 47. b6 e1=Q 48. Ra4+ Kg5 49. Ra5+ Kh6 50. Kg3 d1=Q 51. g5+ Kh5 0-1


[Site "https://www.chess.com"]

[Event "Titled Tuesday Blitz August 1 Late 2023"]
[White "Suder, Jakub"]
[Black "Grossboss19"]
[WhiteFideId "1195310"]
[WhiteElo "2580"]
[BlackElo "2498"]
[Result "0-1"]
[Round "8"]
[TimeControl "180+1"]
[Date "2023.08.01"]
[WhiteClock "0:00:00"]
[BlackClock "0:00:03"]
[Board "49"]

1. d4 Nf6 2. c4 e6 3. Nc3 Bb4 4. Qc2 d5 5. Bg5 O-O 6. e3 c5 7. Nf3 cxd4 8. exd4 h6 9. Bh4 Nc6 10. cxd5 exd5 11. Be2 Re8 12. O-O Bxc3 13. bxc3 g5 14. Nxg5 hxg5 15. Bxg5 Qd6 16. Bd3 Ne4 17. Rae1 Bf5 18. f3 Nxg5 19. Bxf5 Qf4 20. Bd7 Red8 21. Bg4 Re8 22. h4 Nh7 23. Qf2 Nf6 24. Bh3 Rxe1 25. Rxe1 Re8 26. Rxe8+ Nxe8 27. Qe1 Nf6 28. Bc8 b6 29. Bb7 Qc7 30. Bxc6 Qxc6 31. Qe5 Ne8 32. h5 Qe6 33. Qg5+ Kh7 34. Kh1 Ng7 35. g4 Ne8 36. Kg2 Nd6 37. Kg3 Qe1+ 38. Kh3 Qf1+ 39. Kg3 Qe1+ 40. Kh3 Qxc3 41. Qf6 Qc7 42. g5 Qd7+ 43. Kh2 Ne8 44. g6+ fxg6 45. hxg6+ Kg8 46. Qg5 Qd6+ 47. f4 Qf6 48. Qh6 Qg7 49. Qg5 Nf6 0-1


[Site "https://www.chess.com"]

[Event "Titled Tuesday Blitz August 1 Late 2023"]
[White "Sivakumar, Shaaketh"]
[Black "Domingo Nunez, Ruben"]
[WhiteFideId "30940176"]
[BlackFideId "22245570"]
[WhiteElo "2497"]
[BlackElo "2573"]
[Result "0-1"]
[Round "8"]
[TimeControl "180+1"]
[Date "2023.08.01"]
[WhiteClock "0:01:37"]
[BlackClock "0:01:56"]
[Board "50"]

1. e4 g6 2. d4 Bg7 3. Nc3 c6 4. Be3 d5 5. e5 f6 6. f4 Nh6 7. Nf3 Bg4 8. Be2 O-O 9. O-O Nf5 10. Bf2 Bxf3 11. Bxf3 fxe5 12. fxe5 e6 13. Qd2 c5 14. dxc5 Nc6 15. Rfe1 Nxe5 16. Be2 Bh6 17. Qd1 Ne3 18. Qd4 Rxf2 19. Kxf2 Qf6+ 20. Bf3 N5g4+ 21. Qxg4 Nxg4+ 22. Kf1 Nxh2+ 23. Kf2 Qd4+ 24. Kg3 Qf4+ 25. Kf2 Nxf3 26. gxf3 Qh2+ 27. Kf1 Rf8 0-1


[Site "https://www.chess.com"]

[Event "Titled Tuesday Blitz August 1 Late 2023"]
[White "Peycheva, Gergana"]
[Black "Taboas Rodriguez, Daniel"]
[WhiteFideId "2916711"]
[BlackFideId "2208466"]
[WhiteElo "2497"]
[BlackElo "2573"]
[Result "0-1"]
[Round "8"]
[TimeControl "180+1"]
[Date "2023.08.01"]
[WhiteClock "0:00:00"]
[BlackClock "0:01:25"]
[Board "51"]

1. d4 Nf6 2. c4 g6 3. Nc3 Bg7 4. e4 d6 5. Nf3 O-O 6. Be2 e5 7. O-O Nc6 8. d5 Ne7 9. b4 Nh5 10. g3 f5 11. Ng5 Nf6 12. b5 Nxe4 13. Ngxe4 fxe4 14. Nxe4 Nf5 15. Bg5 Qe8 16. Bg4 Nd4 17. Kg2 Bf5 18. f3 Bxg4 19. fxg4 Rxf1 20. Qxf1 Qd7 21. Nf6+ Bxf6 22. Qxf6 Rf8 23. Qe7 Qxg4 24. Bh6 Qe2+ 25. Kh3 Qh5+ 26. Qh4 Qf5+ 27. Qg4 Qxg4+ 28. Kxg4 Rf2 29. Be3 Rxh2 30. Bxd4 exd4 31. Rd1 Rxa2 32. Rxd4 Re2 33. Rf4 Kg7 34. Kf3 Re7 35. Rd4 Re8 36. Rd1 h5 37. Ra1 Ra8 38. Kf4 Kf6 39. g4 g5+ 40. Ke4 hxg4 0-1


[Site "https://www.chess.com"]

[Event "Titled Tuesday Blitz August 1 Late 2023"]
[White "Willy, Stephen"]
[Black "Adan Bermudez, Sergio"]
[WhiteFideId "30981468"]
[BlackFideId "2292726"]
[WhiteElo "2489"]
[BlackElo "2570"]
[Result "1-0"]
[Round "8"]
[TimeControl "180+1"]
[Date "2023.08.01"]
[WhiteClock "0:01:17"]
[BlackClock "0:01:15"]
[Board "52"]

1. e4 d6 2. d4 Nf6 3. Nc3 e5 4. Nf3 Nbd7 5. Bc4 h6 6. dxe5 dxe5 7. h3 Bb4 8. O-O O-O 9. Qe2 c6 10. Rd1 Qe7 11. Bd2 b5 12. Bb3 Nc5 13. a3 Nxb3 14. cxb3 Bd6 15. Rac1 Be6 16. b4 Bb3 17. Re1 Rad8 18. g4 a5 19. bxa5 Bc4 20. Qd1 Bc7 21. Nh4 Bxa5 22. Nf5 Qd7 23. Be3 Qxd1 24. Rcxd1 Bxc3 25. bxc3 Nxe4 26. Rxd8 Rxd8 27. Bb6 Rb8 28. Bc7 Rb7 29. Bxe5 Ng5 30. Re3 Bd5 31. Bxg7 Nf3+ 32. Kf1 Nd2+ 33. Ke2 Ne4 34. f3 Bc4+ 35. Ke1 Ng5 36. Re8+ Kh7 37. Rh8+ Kg6 38. Rxh6# 1-0


[Site "https://www.chess.com"]

[Event "Titled Tuesday Blitz August 1 Late 2023"]
[White "Leebit02"]
[Black "Liu, Casper"]
[BlackFideId "1454153"]
[WhiteElo "2566"]
[BlackElo "2485"]
[Result "0-1"]
[Round "8"]
[TimeControl "180+1"]
[Date "2023.08.01"]
[WhiteClock "0:00:00"]
[BlackClock "0:01:21"]
[Board "53"]

1. e4 c5 2. Nf3 d6 3. d4 Nf6 4. Nc3 cxd4 5. Nxd4 Nc6 6. Bg5 Bd7 7. Qd2 Rc8 8. O-O-O Nxd4 9. Qxd4 Qa5 10. f4 Rxc3 11. bxc3 e5 12. Qc4 d5 13. exd5 Ba3+ 14. Kb1 Ne4 15. Rd3 Nc5 16. fxe5 Qb6+ 17. Qb3 Nxb3 18. axb3 Bf5 19. Be3 Qb5 20. c4 Qb4 21. Bd2 Qb6 22. Rf3 Be4 23. Re3 Bg6 24. h4 Bc5 25. Reh3 h5 26. Bd3 O-O 27. Rf1 a5 28. Bxg6 Qxg6 29. Bg5 a4 30. Kb2 axb3 31. cxb3 Bd4+ 32. Kc1 Ra8 33. Kd2 Ra2+ 34. Ke1 Qb1+ 0-1


[Site "https://www.chess.com"]

[Event "Titled Tuesday Blitz August 1 Late 2023"]
[White "Musovic, Armin"]
[Black "Kanyamarala, Tarun"]
[WhiteFideId "939935"]
[BlackFideId "45004714"]
[WhiteElo "2561"]
[BlackElo "2485"]
[Result "1-0"]
[Round "8"]
[TimeControl "180+1"]
[Date "2023.08.01"]
[WhiteClock "0:00:20"]
[BlackClock "0:00:17"]
[Board "54"]

1. a3 e5 2. d4 exd4 3. Qxd4 Nc6 4. Qa4 Nf6 5. Nc3 d5 6. Bg5 Be7 7. O-O-O Be6 8. e4 d4 9. Nf3 Bd7 10. Nb5 Nxe4 11. Bxe7 Nxe7 12. Qxd4 Nf6 13. Ne5 Ned5 14. Nxd7 Qxd7 15. Qe5+ Qe7 16. Rxd5 Nxd5 17. Qxd5 Rd8 18. Nxc7+ Kf8 19. Qa5 b6 20. Qc3 Rc8 21. Ba6 Rxc7 22. Qf3 g6 23. h4 h5 24. Kb1 Kg7 25. g4 hxg4 26. Qxg4 Rc5 27. Rh3 Rg5 28. hxg5 1-0


[Site "https://www.chess.com"]

[Event "Titled Tuesday Blitz August 1 Late 2023"]
[White "Karwowski, Kacper"]
[Black "Salazar Farias, Luis German"]
[WhiteFideId "1126032"]
[BlackFideId "3902170"]
[WhiteElo "2560"]
[BlackElo "2477"]
[Result "0-1"]
[Round "8"]
[TimeControl "180+1"]
[Date "2023.08.01"]
[WhiteClock "0:00:03"]
[BlackClock "0:00:04"]
[Board "55"]

1. d4 Nf6 2. Nf3 d5 3. c4 e6 4. Nc3 Bb4 5. cxd5 exd5 6. Bd2 O-O 7. e3 c6 8. Bd3 Re8 9. Qc2 Bd6 10. h3 Na6 11. a3 Nc7 12. g4 Qe7 13. O-O-O Ne4 14. Bxe4 dxe4 15. Ng1 b5 16. Nge2 a5 17. Ng3 Bxg3 18. fxg3 b4 19. Nb1 Ba6 20. Qc5 Qxc5+ 21. dxc5 Rab8 22. axb4 axb4 23. Be1 Ne6 24. Rd6 Nxc5 25. Rxc6 Rec8 26. Rxc8+ Rxc8 27. Kd1 Nb3 28. Bd2 Bd3 29. Re1 Bxb1 30. Bxb4 Rc1+ 31. Ke2 Bd3+ 32. Kf2 Rxe1 33. Kxe1 f6 34. Bc3 Kf7 35. Kf2 Ke6 36. h4 g6 37. h5 gxh5 38. gxh5 Kf5 39. Kg2 Be2 40. h6 Kg6 41. Kh3 Kg5 42. Kg2 f5 43. Kf2 Bd3 44. Bg7 Kg4 45. Be5 Kg5 46. Bf4+ Kg6 47. Ke1 Kf7 48. Kf2 Ke6 49. Kg2 Kf6 50. Kh3 Be2 51. Kh4 Bg4 52. Bc7 Kg6 53. Bf4 Nc1 54. b4 Nd3 55. b5 Ne1 56. b6 Ng2# 0-1


[Site "https://www.chess.com"]

[Event "Titled Tuesday Blitz August 1 Late 2023"]
[White "D`Arruda, Ricardo D."]
[Black "Karamsetty, Jeevan"]
[WhiteFideId "100692"]
[BlackFideId "2025337"]
[WhiteElo "2471"]
[BlackElo "2558"]
[Result "1/2-1/2"]
[Round "8"]
[TimeControl "180+1"]
[Date "2023.08.01"]
[WhiteClock "0:00:08"]
[BlackClock "0:00:06"]
[Board "56"]

1. Nf3 g6 2. d4 Bg7 3. e4 d6 4. Nc3 Nf6 5. Bg5 O-O 6. Qd2 Nc6 7. d5 Nb8 8. O-O-O e5 9. dxe6 Qe8 10. exf7+ Qxf7 11. e5 Ne8 12. Bh6 Nc6 13. Bxg7 Qxg7 14. Bc4+ Kh8 15. exd6 Nxd6 16. Bb3 Bg4 17. Rhe1 Bxf3 18. gxf3 Rxf3 19. Bd5 Rf5 20. Bxc6 bxc6 21. Re2 Raf8 22. Rde1 R5f7 23. Qe3 Kg8 24. Qxa7 Qh6+ 25. Kb1 Qxh2 26. Qc5 Rxf2 27. a4 Rxe2 28. Rxe2 Qh1+ 29. Ka2 Rf5 30. Qe3 Qh4 31. Qe6+ Rf7 32. b3 Qd4 33. Ne4 Nxe4 34. Rxe4 Qd2 35. Re2 Qd5 36. Qe8+ Kg7 37. Qe3 Qf5 38. Qc3+ Qf6 39. Qc4 h5 40. Re6 Qf2 41. Qc3+ Kh7 42. Qxc6 Qg3 43. Qc4 h4 44. Re4 Rf2 45. Rxh4+ Kg7 46. Qd4+ Kf7 47. Rh7+ Ke6 48. Qe4+ Kd6 49. Qe7+ Kc6 50. Qd7+ Kb6 51. Qd4+ Kc6 52. Re7 Rxc2+ 53. Ka3 Qd6+ 54. Qxd6+ cxd6 55. Rg7 Rg2 56. b4 g5 57. a5 Kb5 58. Rb7+ Kc4 59. Rb6 d5 60. a6 Rg1 61. Kb2 Rg2+ 62. Ka3 Rg1 63. Kb2 Rg2+ 64. Ka3 1/2-1/2


[Site "https://www.chess.com"]

[Event "Titled Tuesday Blitz August 1 Late 2023"]
[White "Cheng, Xiao"]
[Black "Geivondian, Arman"]
[WhiteFideId "2022915"]
[BlackFideId "24102032"]
[WhiteElo "2467"]
[BlackElo "2557"]
[Result "1-0"]
[Round "8"]
[TimeControl "180+1"]
[Date "2023.08.01"]
[WhiteClock "0:01:08"]
[BlackClock "0:01:50"]
[Board "57"]

1. e4 c6 2. d4 d5 3. e5 Bf5 4. h4 h5 5. Be3 e6 6. Nd2 Nd7 7. Nb3 Be7 8. Bd3 Bxd3 9. Qxd3 Bxh4 10. Nf3 Be7 11. g4 h4 12. g5 g6 13. O-O-O h3 14. Rh2 Rh5 15. Rdh1 Bxg5 16. Nxg5 Rxg5 17. Bxg5 Qxg5+ 18. Qd2 Qf5 19. Rxh3 O-O-O 20. Qe3 Ne7 21. Rf3 Qg4 22. Rxf7 Nf5 23. Qd2 Qg2 24. Rhh7 Qg1+ 25. Qd1 Qxf2 26. a4 b6 27. a5 Qe3+ 28. Kb1 g5 29. Qf1 b5 30. Nc5 Nxc5 31. Rc7+ Kb8 32. dxc5 Qxc5 33. Rb7+ Ka8 34. Rxa7+ Qxa7 35. Rxa7+ Kxa7 36. Qg1+ Kb8 37. Qxg5 Rd7 38. Qg8+ Ka7 39. Qxe6 1-0


[Site "https://www.chess.com"]

[Event "Titled Tuesday Blitz August 1 Late 2023"]
[White "Shapiro, Viktor"]
[Black "Lehtosaari, Mauri"]
[WhiteFideId "4175700"]
[BlackFideId "501999"]
[WhiteElo "2556"]
[BlackElo "2465"]
[Result "1/2-1/2"]
[Round "8"]
[TimeControl "180+1"]
[Date "2023.08.01"]
[WhiteClock "0:00:44"]
[BlackClock "0:00:07"]
[Board "58"]

1. c4 c6 2. Nc3 d5 3. d4 Nf6 4. Nf3 dxc4 5. a4 Bf5 6. e3 e6 7. Bxc4 Bb4 8. O-O O-O 9. Ne2 Nbd7 10. b3 Qe7 11. Bb2 h6 12. Ng3 Bh7 13. Bd3 Bxd3 14. Qxd3 Rfd8 15. Rac1 Rac8 16. Rfd1 a5 17. h4 e5 18. dxe5 Nxe5 19. Qf5 Nxf3+ 20. gxf3 Qe6 21. Bxf6 gxf6 22. Qh5 Bf8 23. Rxd8 Rxd8 24. Rc4 Qh3 25. Qg4+ Qxg4 26. fxg4 Rd3 27. Re4 Rxb3 28. Re8 b5 29. Ra8 bxa4 30. Nf5 a3 31. Rxa5 Rb8 32. Ra7 Rc8 33. Kg2 Rd8 34. Kf3 Re8 35. Ra6 Rc8 36. Ke2 Rb8 37. Kf3 Rc8 38. Ke4 Re8+ 39. Kd3 Rb8 40. Kc4 Rb2 41. f4 a2 42. Ra8 Kh7 43. Kc3 Rg2 44. Kb3 Rxg4 45. Kxa2 Bc5 46. Rc8 Rg2+ 47. Kb3 Re2 48. Re8 Kg6 49. e4 Rxe4 50. Rxe4 Kxf5 51. Rc4 Bd6 52. Rxc6 Bxf4 53. Kc4 Bg3 54. h5 Kg5 55. Rc7 Kxh5 56. Rxf7 Kg6 57. Rf8 Kf5 58. Kd3 Bf4 59. Ke2 h5 60. Kf3 Bg5 61. Rh8 Kg6 62. Rg8+ Kf5 63. Rc8 Ke5 64. Rc5+ Ke6 65. Rb5 h4 66. Kg4 Kf7 67. Kf5 Ke7 68. Rb7+ Kd6 69. Rh7 Kd5 70. Rf7 Kd4 71. Re7 Kd5 72. Re2 Kd4 73. Re6 Kd5 74. Re2 Kd4 75. Re1 Kd3 76. Re6 Kd4 77. Kg4 Kd5 78. Re2 Kd4 79. Kf5 Kd3 80. Re6 Kd4 81. Kg4 Kd5 82. Re2 Kd4 83. Kf5 Kd3 84. Re6 1/2-1/2


[Site "https://www.chess.com"]

[Event "Titled Tuesday Blitz August 1 Late 2023"]
[White "Harriott, Tyrell"]
[Black "Ambartsumova, Karina"]
[WhiteFideId "2086484"]
[BlackFideId "4166299"]
[WhiteElo "2463"]
[BlackElo "2554"]
[Result "0-1"]
[Round "8"]
[TimeControl "180+1"]
[Date "2023.08.01"]
[WhiteClock "0:00:00"]
[BlackClock "0:00:55"]
[Board "59"]

1. d4 Nf6 2. e3 d5 3. Bd3 e6 4. f4 b6 5. c3 Be7 6. Nf3 O-O 7. O-O Bb7 8. Nbd2 Ne4 9. Ne5 f6 10. Ng4 Nd7 11. f5 exf5 12. Rxf5 c5 13. Nxe4 dxe4 14. Bc4+ Kh8 15. Nf2 g6 16. Rf4 f5 17. Nh3 Bd6 18. Rf1 Qc7 19. Nf4 cxd4 20. Bb3 d3 21. Qe1 Nc5 22. Qh4 Qg7 23. Nh3 Rae8 24. Bd2 a6 25. Rab1 Nxb3 26. axb3 Qe5 27. Nf4 Kg8 28. c4 Qg7 29. b4 g5 30. Qh5 gxf4 31. Bc3 Qg6 32. Qh4 fxe3 33. c5 bxc5 34. bxc5 Bxc5 35. Kh1 e2 36. Rfe1 e3 37. Qh3 f4 38. Rg1 d2 0-1


[Site "https://www.chess.com"]